 Dungeon Crawl Stone Soup version 0.22-a0-110-g5b255cf (webtiles) character file.

193 Faca the Skirmisher (level 5, -1/37 HPs)
             Began as a Gargoyle Fighter on Jan 28, 2018.
             Killed by divine providence
             ... invoked by an orc priest
              (15 damage)
             ... on level 3 of the Dungeon.
             The game lasted 00:05:38 (2289 turns).

Faca the Skirmisher (Gargoyle Fighter)              Turns: 2289, Time: 00:05:39

Health: -1/37      AC: 12    Str: 19    XL:     5   Next: 72%
Magic:  5/5        EV:  7    Int:  9    God:
Gold:   107        SH:  9    Dex: 10    Spells: 4/4 levels left

rFire    . . .     SeeInvis .   a - +0 flail
rCold    . . .     Gourm    .   c - +0 shield
rNeg     + . .     Faith    .   b - +0 scale mail
rPois    ∞         Spirit   .   (no helmet)
rElec    +         Reflect  .   (no cloak)
rCorr    .         Harm     .   (no gloves)
MR       .....                  l - +0 pair of boots
Stlth    ..........             (no amulet)
HPRegen  0.12/turn              (no ring)
MPRegen  0.09/turn              (no ring)

@: no status effects
A: negative energy resistance 1, electricity resistance, unbreathing,
petrification resistance, rot immunity, AC +4
a: no special abilities


You were on level 3 of the Dungeon.
You were hungry.

You visited 1 branch of the dungeon, and saw 3 of its levels.

You collected 107 gold pieces.

Inventory:

Hand Weapons
 a - a +0 flail (weapon)
Armour
 b - a +0 scale mail (worn)
 c - a +0 shield (worn)
 l - a +0 pair of boots (worn)
 m - a +0 chain mail
Scrolls
 g - a scroll of fear
 h - a scroll of remove curse
 i - a scroll of blinking {unknown}
 k - a scroll of fog
Potions
 d - a potion of might
 f - a potion of curing
 j - a potion of haste {unknown}
 o - a potion of mutation
 p - a potion of berserk rage
Comestibles
 r - a ration


   Skills:
 + Level 6.8 Fighting
 - Level 2.0 Maces & Flails
 - Level 3.2 Armour
 - Level 3.2 Shields


You had 4 spell levels left.
You didn't know any spells.

Dungeon Overview and Level Annotations

Branches:
Dungeon (3/15)

Altars:


Innate Abilities, Weirdness & Mutations

You are resistant to torment.
Your stone body is resilient. (AC +4)
You are immune to poison.
You resist negative energy. (rN+)
You are resistant to electric shocks. (rElec)
You can survive without breathing.
You are immune to petrification.
You are immune to rotting.


Message History

The orc priest is almost dead.
The orc priest invokes the aid of Beogh against you.
Pain shoots through your body!
The orc priest looks encouraged for a moment.
You hit the orc priest but do no damage.
The orc priest is almost dead.
The orc priest casts a cantrip, but nothing happens.
Your shield and scale mail prevent you from hitting the orc priest.
The orc priest is almost dead.
The orc priest mumbles some strange prayers to Beogh against you.
Beogh smites you!
You closely miss the orc priest.
The orc priest is almost dead.
You block the orc priest's attack.
The orc priest hits you but does no damage.
You hit the orc priest but do no damage.
The orc priest is almost dead.
The orc priest invokes the aid of Beogh against you.
Beogh smites you!
You die...

...#######
..#...o.#
..#o###.#
oo#.#<#.#
#.#o#@#o#
#o#.#o#o#
#(#.#.#.#
#.#.).#o#
#.#####o#
#.ooo...#
#########


You could see an orc priest.

Vanquished Creatures
  Natasha (thrice) (D:2)
  3 adders (D:2)
  A gnoll (D:1)
  An ooze (D:1)
  2 worms (D:2)
  2 dart slugs
  A leopard gecko (D:1)
  8 orcs
  4 giant cockroaches
  4 goblins
  5 hobgoblins
  2 jackals (D:2)
  4 kobolds
  2 quokkas
  A ball python (D:2)
  10 bats
  5 frilled lizards
  6 rats
64 creatures vanquished.

Notes
Turn   | Place    | Note
-------+----------+-------------------------------------------
     0 | D:1      | Faca the Gargoyle Fighter began the quest for the Orb.
     0 | D:1      | Reached XP level 1. HP: 14/14 MP: 1/1
   149 | D:1      | Reached XP level 2. HP: 20/20 MP: 2/2
   161 | D:1      | Reached skill level 4 in Fighting
   351 | D:1      | Reached XP level 3. HP: 17/24 MP: 3/3
   836 | D:2      | Reached skill level 5 in Fighting
   964 | D:2      | Reached XP level 4. HP: 20/31 MP: 4/4
  1116 | D:2      | Found a faded altar of an unknown god.
  1121 | D:2      | Noticed Natasha
  1134 | D:2      | Killed Natasha
  1377 | D:2      | Noticed Natasha
  1383 | D:2      | Reached skill level 6 in Fighting
  1396 | D:2      | Killed Natasha
  1396 | D:2      | Reached XP level 5. HP: 35/36 MP: 5/5
  1644 | D:2      | Noticed Natasha
  1663 | D:2      | Killed Natasha
  2289 | D:3      | Killed from afar by an orc priest

Vault maps used:
D:1:      lemuel_arrival_lava_pool, grunt_decor_one_mirror,
          minmay_misc_feat_rugged
D:2:      minmay_wonky_spiral, chequers_ecumenical_altar_twisty,
          minmay_pentomino_o2, uniq_natasha
D:3:      uniq_jessica, uniq_terence

Skill      XL: |  1  2  3  4 |
---------------+-------------+-----
Fighting       | 4 5 6 |  6.8
Maces & Flails | |  2.0
Armour         | |  3.2
Shields        | |  3.2

Action                   |  1- 3 |  4- 6 || total
-------------------------+-------+-------++-------
Melee: Flail             |   134 |   161 ||   295
  Use: Scroll            |       |     7 ||     7
  Eat: Ration            |       |     1 ||     1
       Chunk             |       |     1 ||     1
Armor: Scale mail        |    86 |    97 ||   183
Dodge: Dodged            |    48 |    51 ||    99
Block: Shield            |    76 |    81 ||   157

Table legend:
 A = Spawn XP
 B = Non-spawn XP
 C = Spawn XP percentage of total XP
 D = Spawn monster count
 E = Non-spawn monster count
 F = Spawn count percentage of total count
 G = Total turns spent on level
                    A         B        C        D         E        F      G
               +---------+---------+-------+---------+---------+-------+---------
         Total |       0 |     277 |   0.0 |       0 |      64 |   0.0 |  2289
               +---------+---------+-------+---------+---------+-------+---------
           D:1 |       0 |      51 |   0.0 |       0 |      20 |   0.0 |   813
           D:2 |       0 |     204 |   0.0 |       0 |      36 |   0.0 |  1377
           D:3 |       0 |      22 |   0.0 |       0 |       8 |   0.0 |    99
               +---------+---------+-------+---------+---------+-------+---------
